NWL
EUGENE EMERALDS @ CHICAGO A (SS-A) WHITE SOX
09/24/2080
 
TOP OF THE 1ST
Eugene Emeralds batting - Pitching for Chicago A (SS-A) White Sox : RHP Johnny Handschuh
Pitching: RHP Johnny Handschuh
Batting: RHB Devin Whittington 0-0: Ground out 4-3 (Groundball, 13, EV 93.1 MPH)
Batting: RHB Bill Weisbrod 0-0: Ball
1-0: Foul Ball, location: 2F
1-1: Called Strike
1-2: Ball
2-2: Fly out, F7 (Flyball, 7, EV 81.9 MPH)
Batting: RHB Julius Warlick 0-0: Called Strike
0-1: Foul Ball, location: 2F
0-2: Ball
1-2: Strikes out swinging
Top of the 1st over - 0 runs, 0 hits, 0 errors, 0 left on base; Eugene 0 - Chicago A (SS-A) 0
BOTTOM OF THE 1ST
Chicago A (SS-A) White Sox batting - Pitching for Eugene Emeralds : RHP Caleb Nicosia
Pitching: RHP Caleb Nicosia
Batting: RHB Chris Cooley 0-0: Ball
1-0: Ball
2-0: Ball
3-0: Called Strike
3-1: SINGLE (Line Drive, 4D, EV 111.2 MPH)
Batting: SHB Nasson Vogel 0-0: Ball
1-0: Ball
2-0: Ball
3-0: Base on Balls
Chris Cooley to second
Batting: LHB Andy Bowers 0-0: Called Strike
0-1: Ball
1-1: Ball
2-1: Ball
3-1: Base on Balls
Chris Cooley to third
Nasson Vogel to second
Batting: SHB Victor Jimenez 0-0: Called Strike
0-1: Fly out, F8 (Flyball, 8LXD, EV 106.9 MPH)
Runner from 3rd tags up, SCORES, no throw by CF
Nasson Vogel to third
Batting: LHB James Michael 0-0: Ball
1-0: Called Strike
1-1: Swinging Strike
1-2: Ball
2-2: Strikes out looking
Batting: RHB Jason King 0-0: Fly out, F5 (Line Drive, 5, EV 74.4 MPH)
Bottom of the 1st over - 1 run, 1 hit, 0 errors, 2 left on base; Eugene 0 - Chicago A (SS-A) 1
TOP OF THE 2ND
Eugene Emeralds batting - Pitching for Chicago A (SS-A) White Sox : RHP Johnny Handschuh
Batting: SHB Adam Walton 0-0: Called Strike
0-1: Ball
1-1: Foul Ball, location: 2F
1-2: Ground out 4-3 (Groundball, 4, EV 82.5 MPH)
Batting: RHB Danny Natal 0-0: Ball
1-0: SINGLE (Flyball, 9S, EV 86.9 MPH)
Batting: RHB Ramiro Martinez 0-0: Called Strike
0-1: Ball
1-1: Ball
2-1: SINGLE (Line Drive, 89S, EV 93.1 MPH)
Danny Natal to second
Danny Natal to third
Batting: RHB Julio Sierra 0-0: Ball
1-0: Ball
2-0: Foul Ball, location: 2F
2-1: Swinging Strike
2-2: Strikes out swinging
Batting: RHB Marco Ramos 0-0: Ball
1-0: Called Strike
1-1: Ball
2-1: Called Strike
2-2: Strikes out swinging
Top of the 2nd over - 0 runs, 2 hits, 0 errors, 2 left on base; Eugene 0 - Chicago A (SS-A) 1
BOTTOM OF THE 2ND
Chicago A (SS-A) White Sox batting - Pitching for Eugene Emeralds : RHP Caleb Nicosia
Batting: RHB Chase Norris 0-0: Ball
1-0: Swinging Strike
1-1: Fly out, F5 (Popup, 5, EV 70.6 MPH)
Batting: RHB Manny Robles 0-0: Foul Ball, location: 2F
0-1: SINGLE (Groundball, 34D, EV 103.1 MPH)
Batting: RHB Roy Kincaid 0-0: Foul Ball, location: 2F
0-1: Foul Ball, location: 2F
0-2: Ball
1-2: Fly out, F8 (Flyball, 8LXD, EV 81.9 MPH)
Batting: RHB Chris Cooley 0-0: Ball
Wild Pitch!
Manny Robles to second
1-0: Called Strike
1-1: Foul Ball, location: 2F
1-2: Ground out 6-3 (Groundball, 6, EV 88.8 MPH)
Bottom of the 2nd over - 0 runs, 1 hit, 0 errors, 1 left on base; Eugene 0 - Chicago A (SS-A) 1
TOP OF THE 3RD
Eugene Emeralds batting - Pitching for Chicago A (SS-A) White Sox : RHP Johnny Handschuh
Batting: RHB Victor Barrios 0-0: Ball
1-0: Called Strike
1-1: Ground out 6-3 (Groundball, 6, EV 101.9 MPH)
Batting: RHB Devin Whittington 0-0: Called Strike
0-1: Ball
1-1: DOUBLE (Flyball, 8LXD, EV 99.4 MPH)
Batting: RHB Bill Weisbrod 0-0: Ball
1-0: Ball
2-0: SINGLE (Flyball, 8RS, EV 88.8 MPH)
Devin Whittington to third
Batting: RHB Julius Warlick 0-0: Ball
1-0: Called Strike
1-1: Swinging Strike
1-2: Fly out, F7 (Flyball, 78S, EV 90.0 MPH)
Batting: SHB Adam Walton 0-0: Ball
1-0: Ground out 4-3 (Groundball, 4S, EV 84.4 MPH)
Top of the 3rd over - 0 runs, 2 hits, 0 errors, 2 left on base; Eugene 0 - Chicago A (SS-A) 1
BOTTOM OF THE 3RD
Chicago A (SS-A) White Sox batting - Pitching for Eugene Emeralds : RHP Caleb Nicosia
Batting: SHB Nasson Vogel 0-0: Ball
1-0: Ball
2-0: SINGLE (Groundball, 34D, EV 111.9 MPH)
Batting: LHB Andy Bowers 0-0: Ball
1-0: Called Strike
1-1: Foul Ball, location: 2F
1-2: Foul Ball, location: 2F
1-2: Strikes out looking
Batting: SHB Victor Jimenez 0-0: Called Strike
0-1: Foul Ball, location: 2F
0-2: Foul Ball, location: 2F
0-2: Ball
1-2: Foul Ball, location: 2F
1-2: Ball
2-2: Fly out, F8 (Flyball, 8RD, EV 102.5 MPH)
Batting: LHB James Michael 0-0: Ball
1-0: Fly out, F7 (Flyball, 7, EV 89.4 MPH)
Bottom of the 3rd over - 0 runs, 1 hit, 0 errors, 1 left on base; Eugene 0 - Chicago A (SS-A) 1
TOP OF THE 4TH
Eugene Emeralds batting - Pitching for Chicago A (SS-A) White Sox : RHP Johnny Handschuh
Batting: RHB Danny Natal 0-0: Called Strike
0-1: Ball
1-1: Hit by Pitch
Batting: RHB Ramiro Martinez 0-0: Swinging Strike
Danny Natal is caught stealing 2nd base 2-4
0-1: Called Strike
0-2: Ball
1-2: Strikes out swinging
Batting: RHB Julio Sierra 0-0: Fly out, F8 (Flyball, 8RS, EV 78.8 MPH)
Top of the 4th over - 0 runs, 0 hits, 0 errors, 0 left on base; Eugene 0 - Chicago A (SS-A) 1
BOTTOM OF THE 4TH
Chicago A (SS-A) White Sox batting - Pitching for Eugene Emeralds : RHP Caleb Nicosia
Batting: RHB Jason King 0-0: Ball
1-0: Fly out, F8 (Flyball, 8LXD, EV 74.4 MPH)
Batting: RHB Chase Norris 0-0: Called Strike
0-1: Foul Ball, location: 2F
0-2: Foul Ball, location: 2F
0-2: SINGLE (Groundball, 4MD, EV 103.8 MPH)
Batting: RHB Manny Robles 0-0: Ball
1-0: Ball
2-0: Foul Ball, location: 2F
2-1: Ball
3-1: Foul Ball, location: 2F
3-2: Base on Balls
Chase Norris to second
Batting: RHB Roy Kincaid 0-0: Reached on error, E5 (Groundball, 5, EV 105.6 MPH)
Chase Norris to third
Manny Robles to second
Batting: RHB Chris Cooley 0-0: Called Strike
0-1: Grounds into fielders choice 1-2 (Groundball, 13, EV 74.4 MPH)
Manny Robles to third
Roy Kincaid to second
Batting: SHB Nasson Vogel 0-0: Ball
1-0: Ball
2-0: Called Strike
2-1: Foul Ball, location: 2F
2-2: Foul Ball, location: 2F
2-2: TRIPLE (Flyball, 89XD, EV 100.6 MPH)
Manny Robles scores
Roy Kincaid scores
Chris Cooley scores
Batting: LHB Andy Bowers 0-0: Swinging Strike
0-1: Ball
1-1: SINGLE (Groundball, 56D, EV 97.5 MPH)
Nasson Vogel scores
Batting: SHB Victor Jimenez 0-0: Called Strike
0-1: Ball
1-1: Ball
2-1: Ball
3-1: Base on Balls
Andy Bowers to second
Batting: LHB James Michael 0-0: Foul Ball, location: 2F
0-1: Ball
1-1: Ball
2-1: Ground out 5-3 (Groundball, 56S, EV 85.6 MPH)
Bottom of the 4th over - 4 runs, 3 hits, 1 error, 2 left on base; Eugene 0 - Chicago A (SS-A) 5
TOP OF THE 5TH
Eugene Emeralds batting - Pitching for Chicago A (SS-A) White Sox : RHP Johnny Handschuh
Batting: RHB Marco Ramos 0-0: Fly out, F8 (Flyball, 8RM, EV 86.9 MPH)
Batting: RHB Victor Barrios 0-0: Called Strike
0-1: Swinging Strike
0-2: Strikes out swinging
Batting: RHB Devin Whittington 0-0: Foul Ball, location: 2F
0-1: Foul Ball, location: 2F
0-2: Ball
1-2: Ball
2-2: Foul Ball, location: 2F
2-2: SINGLE (Groundball, 6, EV 100.0 MPH)
Batting: RHB Bill Weisbrod 0-0: Called Strike
Devin Whittington steals 2nd base
0-1: Ball
1-1: Swinging Strike
1-2: Foul Ball, location: 2F
1-2: Strikes out swinging
Top of the 5th over - 0 runs, 1 hit, 0 errors, 1 left on base; Eugene 0 - Chicago A (SS-A) 5
BOTTOM OF THE 5TH
Chicago A (SS-A) White Sox batting - Pitching for Eugene Emeralds : RHP Caleb Nicosia
Pitching: RHP Justin Pearson
Batting: RHB Jason King 0-0: Ball
1-0: Ball
2-0: Foul Ball, location: 2F
2-1: Foul Ball, location: 2F
2-2: Foul Ball, location: 2F
2-2: Ball
3-2: SINGLE (Groundball, 56D, EV 103.8 MPH)
Batting: RHB Chase Norris 0-0: Called Strike
0-1: Foul Ball, location: 2F
0-2: Ball
1-2: Ball
2-2: Foul Ball, location: 2F
2-2: Ball
3-2: Fly out, F9 (Line Drive, 9S, EV 95.6 MPH)
Batting: RHB Manny Robles 0-0: Swinging Strike
0-1: Fly out, F9 (Flyball, 9LM, EV 96.2 MPH)
Batting: RHB Roy Kincaid 0-0: Called Strike
0-1: Ball
1-1: Fly out, F7 (Flyball, 7, EV 93.8 MPH)
Bottom of the 5th over - 0 runs, 1 hit, 0 errors, 1 left on base; Eugene 0 - Chicago A (SS-A) 5
TOP OF THE 6TH
Eugene Emeralds batting - Pitching for Chicago A (SS-A) White Sox : RHP Johnny Handschuh
Batting: RHB Julius Warlick 0-0: Swinging Strike
0-1: Foul Ball, location: 2F
0-2: Ball
1-2: Ball
2-2: Ball
3-2: Foul Ball, location: 2F
3-2: Strikes out swinging
Batting: SHB Adam Walton 0-0: Ball
1-0: Ball
2-0: Called Strike
2-1: Ball
3-1: Foul Ball, location: 2F
3-2: Fly out, F9 (Flyball, 89S, EV 85.0 MPH)
Batting: RHB Danny Natal 0-0: Ball
1-0: Ball
2-0: Called Strike
2-1: Called Strike
2-2: Ground out 4-3 (Groundball, 4M, EV 78.8 MPH)
Top of the 6th over - 0 runs, 0 hits, 0 errors, 0 left on base; Eugene 0 - Chicago A (SS-A) 5
BOTTOM OF THE 6TH
Chicago A (SS-A) White Sox batting - Pitching for Eugene Emeralds : RHP Justin Pearson
Batting: RHB Chris Cooley 0-0: Ball
1-0: SINGLE (Groundball, 56D, EV 107.5 MPH)
Batting: SHB Nasson Vogel 0-0: Fly out, F9 (Flyball, 9, EV 87.5 MPH)
Batting: LHB Andy Bowers 0-0: Ball
1-0: Ball
2-0: Called Strike
2-1: Fielders Choice at 2nd, 6-4 (Groundball, 6M, EV 83.1 MPH)
Batting: SHB Victor Jimenez 0-0: Called Strike
0-1: Foul Ball, location: 2F
0-2: Ball
1-2: Strikes out swinging
Bottom of the 6th over - 0 runs, 1 hit, 0 errors, 1 left on base; Eugene 0 - Chicago A (SS-A) 5
TOP OF THE 7TH
Eugene Emeralds batting - Pitching for Chicago A (SS-A) White Sox : RHP Johnny Handschuh
Batting: RHB Ramiro Martinez 0-0: Ball
1-0: Ball
2-0: Called Strike
2-1: Swinging Strike
2-2: Ball
3-2: Strikes out swinging
Batting: RHB Julio Sierra 0-0: Called Strike
0-1: Ball
1-1: Ball
2-1: Foul Ball, location: 2F
2-2: Strikes out swinging
Batting: RHB Marco Ramos 0-0: Ball
1-0: Called Strike
1-1: Foul Ball, location: 2F
1-2: Ball
2-2: Strikes out swinging
Top of the 7th over - 0 runs, 0 hits, 0 errors, 0 left on base; Eugene 0 - Chicago A (SS-A) 5
BOTTOM OF THE 7TH
Chicago A (SS-A) White Sox batting - Pitching for Eugene Emeralds : RHP Justin Pearson
Batting: LHB James Michael 0-0: Called Strike
0-1: Called Strike
0-2: Foul Ball, location: 2F
0-2: Ball
1-2: Ball
2-2: Strikes out swinging
Batting: RHB Jason King 0-0: Ball
1-0: Swinging Strike
1-1: Ball
2-1: Ball
3-1: Base on Balls
Batting: RHB Chase Norris 0-0: Ball
1-0: SINGLE (Groundball, 4MD, EV 98.1 MPH)
Jason King to second
Batting: RHB Manny Robles 0-0: Called Strike
0-1: Ball
1-1: Swinging Strike
1-2: Strikes out swinging
Batting: RHB Roy Kincaid 0-0: Called Strike
0-1: Foul Ball, location: 2F
0-2: SINGLE (Groundball, 56D, EV 98.1 MPH)
Jason King to third
Chase Norris to second
Runner from 3rd tries for Home, SAFE, throw by LF to home
Batting: RHB Chris Cooley 0-0: Called Strike
0-1: Foul Ball, location: 2F
0-2: Ball
1-2: Ball
2-2: Strikes out swinging
Bottom of the 7th over - 1 run, 2 hits, 0 errors, 2 left on base; Eugene 0 - Chicago A (SS-A) 6
TOP OF THE 8TH
Eugene Emeralds batting - Pitching for Chicago A (SS-A) White Sox : RHP Johnny Handschuh
Batting: RHB Victor Barrios 0-0: Ball
1-0: Called Strike
1-1: SINGLE (Line Drive, 78S, EV 86.9 MPH)
Batting: RHB Devin Whittington 0-0: Ball
1-0: Ball
2-0: Foul Ball, location: 2F
2-1: Foul Ball, location: 2F
2-2: Ball
3-2: Strikes out looking
Victor Barrios steals 2nd base
Batter strikes out.
Batting: RHB Bill Weisbrod 0-0: Ball
1-0: Ball
2-0: Called Strike
2-1: Foul Ball, location: 2F
2-2: Strikes out looking
Batting: RHB Julius Warlick 0-0: Ball
1-0: Ball
2-0: Called Strike
2-1: Swinging Strike
2-2: Fly out, F9 (Flyball, 89D, EV 95.6 MPH)
Top of the 8th over - 0 runs, 1 hit, 0 errors, 1 left on base; Eugene 0 - Chicago A (SS-A) 6
BOTTOM OF THE 8TH
Chicago A (SS-A) White Sox batting - Pitching for Eugene Emeralds : RHP Justin Pearson
Batting: SHB Nasson Vogel 0-0: Foul Ball, location: 2F
0-1: Ball
1-1: Ball
2-1: Ball
3-1: Ground out 4-3 (Groundball, 4MD, EV 81.2 MPH)
Batting: LHB Andy Bowers 0-0: Ball
1-0: Called Strike
1-1: Foul Ball, location: 2F
1-2: Strikes out swinging
Batting: SHB Victor Jimenez 0-0: SINGLE (Groundball, 5D, EV 103.1 MPH)
Batting: LHB James Michael 0-0: Called Strike
Victor Jimenez is caught stealing 2nd base 2-6
Bottom of the 8th over - 0 runs, 1 hit, 0 errors, 0 left on base; Eugene 0 - Chicago A (SS-A) 6
TOP OF THE 9TH
Eugene Emeralds batting - Pitching for Chicago A (SS-A) White Sox : RHP Johnny Handschuh
Batting: SHB Adam Walton 0-0: Called Strike
0-1: Foul Ball, location: 2F
0-2: Ball
1-2: SINGLE (Groundball, 34D, EV 98.1 MPH)
Batting: RHB Danny Natal 0-0: Ball
1-0: Called Strike
1-1: Called Strike
1-2: Strikes out swinging
Batting: RHB Ramiro Martinez 0-0: Ball
Wild Pitch!
Adam Walton to second
1-0: SINGLE (Line Drive, 7S, EV 101.9 MPH)
Adam Walton to third
Batting: RHB Julio Sierra 0-0: Foul Ball, location: 2F
0-1: Ball
1-1: SINGLE (Groundball, 56D, EV 98.8 MPH)
Adam Walton scores
Ramiro Martinez to second
Pinch Hitting: LHB Francisco Molina 0-0: Ball
1-0: Ball
2-0: Fielders Choice at 2nd, 4-6 (Groundball, 4, EV 83.1 MPH)
Ramiro Martinez to third
Batting: RHB Victor Barrios 0-0: SINGLE (Groundball, 34S, EV 83.8 MPH) (infield hit)
Ramiro Martinez scores
Francisco Molina to second
Pitching: RHP Omar Aguilar
Batting: RHB Devin Whittington 0-0: Fly out, F8 (Flyball, 8LXD, EV 90.6 MPH)
Top of the 9th over - 2 runs, 4 hits, 0 errors, 2 left on base; Eugene 2 - Chicago A (SS-A) 6
Saturday, July 30th , 2022 - OOTP Baseball 23.5 Build 73